 Dungeon Sprint DCSS version 0.30-a0-250-g41c1d76940 (webtiles) character file.

Game seed: 554353546311100125

6925 rocky1 the Nimble (level 11, -4/133 HPs)
             Began as a Djinni Fire Elementalist on Oct 13, 2022.
             Was a High Priest of Cheibriados.
             Slain by Edmund
             ... wielding a +2 great mace of freezing
              (6 damage)
             ... in the Dungeon (Sprint III: "The Ten Rune Challenge").
             The game lasted 00:09:55 (2076 turns).

rocky1 the Nimble (Djinni Fire Elementalist)        Turns: 2076, Time: 00:09:55

Health: -4/133     AC: 12    Str: 21    XL:     11   Next: 27%
Gold:   1139       EV: 18    Int: 35    God:    Cheibriados [*****.] SH:  0 Dex: 28

rFire   + + .      SeeInvis .    p - +1 long sword (holy)
rCold   . . .      Faith    .    (no shield)
rNeg    . . .      Spirit   .    q - +3 chain mail {rC+}
rPois   ∞          Reflect  .    (no helmet)
rElec   .          Harm     .    (no cloak)
rCorr   .          Rampage  .    (no gloves)
Will    +....      NoTele   +    (boots unavailable)
Stlth   ..........               (no amulet)
HPRegen 0.42/turn                (no ring)
MPRegen 0.00/turn                (no ring)

@: berserking, flying, very slow
A: sickness immunity, fire resistance 2, cold vulnerability 1, float, innate
caster, HP casting, extra vitality 1
a: Renounce Religion, Bend Time, Temporal Distortion, Slouch, Step From Time


You were in the Dungeon.
You worshipped Cheibriados.
Cheibriados was extremely pleased with you.
You visited 1 branch You collected 1483 gold pieces.
You spent 344 gold pieces at shops.

Inventory:

Hand Weapons
 n - a +0 spear
 p - a +1 long sword of holy wrath (weapon)
Armour
 a - a +0 robe
 o - a +0 leather armour
 q - a +3 chain mail of cold resistance (worn)
Wands
 h - a wand of polymorph (3)
 m - a wand of flame (11)
Scrolls
 f - 2 scrolls of blinking
 g - 2 scrolls of identify {unknown}
 i - a scroll of poison {unknown}
 k - a scroll of torment {unknown}
 l - a scroll of immolation {unknown}
Potions
 c - a potion of might
 d - 2 potions of haste
 j - 5 potions of mutation {unknown}


   Skills:
 - Level 11.7 Fighting
 + Level 4.1 Long Blades
 + Level 4.6 Armour
 - Level 13.1 Dodging
 - Level 11.0 Stealth
 - Level 10.3 Spellcasting
 - Level 8.9 Invocations


You had 3 spell levels left.
You knew the following spells:

 Your Spells              Type           Power      Damage    Failure   Level
a - Foxfire               Conj/Fire      100%       2x1d9     1%          1
b - Scorch                Fire           100%       2d10      1%          2
c - Kindle Blastsparks    Fire/Tloc/Air  100%       2d18      1%          3
d - Inner Flame           Hex/Fire       74%        N/A       1%          3
e - Flame Wave            Conj/Fire      74%        2d16      3%          4
f - Shock                 Conj/Air       100%       1d9       1%          1
g - Wereblood             Tmut           74%        N/A       1%          2
h - Blink                 Tloc           100%       N/A       1%          2
i - Dispel Undead         Necr           74%        3d25      3%          4
j - Metabolic Englaciati  Hex/Ice        37%        N/A       9%          5
Your spell library was empty.

Dungeon Overview and Level Annotations

Branches:
Dungeon (1/1)

Altars:
Cheibriados
Dithmenos
Elyvilon
Fedhas
Gozag
Hepliaklqana
Makhleb
Nemelex Xobeh
Okawaru
Qazlal
Ru
Trog
Uskayaw
Wu Jian
Xom
Yredelemnul
Zin
The Shining One
Jiyva
Lugonu

Shops:
D [

Annotations:
D Edmund, Sigmund


Innate Abilities, Weirdness & Mutations

You are immune to sickness and miasma.
You are immune to poison.
Your flesh is very heat resistant. (rF++)
You are vulnerable to cold. (rC-)
You float through the air rather than walking.
You learn spells naturally, not from books.
Your magical power is your life essence.
You have superior vitality. (+4 MHP)


Message History

Activating: Slouch (3% risk of failure)
Press: ? - help, Dir - look around, f - activate You can feel time thicken for a moment.
Cheibriados lowers the support of your attributes as your movement quickens.
Edmund hits you with a +2 great mace of freezing.
Edmund freezes you. Sigmund casts a spell at you. The bolt of fire hits you!
You resist.
Casting: Scorch (safe; 1% risk of failure)
Confirm with . or Enter, or press ? or * to list all spells.
Flames lash Edmund.
Edmund is heavily wounded.
Edmund's fire resistance burns away.
Edmund closely misses you. Sigmund hits you but does no damage.
Space warps horribly around you!
Unknown command.
Casting: Scorch (safe; 1% risk of failure)
Confirm with . or Enter, or press ? or * to list all spells.
Flames lash Edmund.
Edmund is burned terribly!
Edmund is severely wounded.
Edmund barely misses you.
Casting: Scorch (safe; 1% risk of failure)
Confirm with . or Enter, or press ? or * to list all spells.
Flames lash Edmund.
Edmund is burned terribly!
Edmund is severely wounded.
Sigmund hits you from afar with a +2 scythe of distortion!
* * * LOW HITPOINT WARNING * * *
Edmund hits you with a +2 great mace of freezing!
* * * LOW HITPOINT WARNING * * *
Edmund freezes you.
* * * LOW HITPOINT WARNING * * *
A red film seems to cover your vision as you go berserk!
Cheibriados forces you to slow down.
You feel mighty! Edmund barely misses you.
Sigmund gestures at you while chanting. The bolt of fire hits you! You resist.
* * * LOW HITPOINT WARNING * * *
You slash Edmund!
Edmund is almost dead.
Edmund hits you with a +2 great mace of freezing.
You die...

)###########################
))..#.#.#...))#...^^.'††.~≈#
#.#..#.##)###.#...^..#†..~≈###
##.#.#.##)#..##..^...#.††~≈≈≈#
)..#..#..##).'.......#†.†~~~~#
▓▓▓▓▓▓▓▓▓▓▓▓▓#.).^...#....†..#
#^..^...#.....†.#
+^.^...^#.....†.#
#.@@....######### ##'######
#.@. #...# #...# #####


You could see Edmund (combustible) and Sigmund.

Vanquished Creatures
  Erolcha (D)
  An orc high priest (D)
  A deep elf pyromancer (D)
  4 orc sorcerers (D)
  A queen bee (D)
  A shadow (D)
  2 redbacks (D)
  A spatial vortex (D)
  An orc warrior (D)
  5 two-headed ogres (D)
  A water elemental (D)
  A necrophage (D)
  A scorpion (D)
  32 killer bees (D)
  A jelly (D)
  3 orc priests (D)
  A wizard (D)
  Jessica (D)
  2 orc wizards (D)
  A necromancer (D)
  3 humans (D)
  A kobold demonologist (D)
  7 orcs (D)
  An endoplasm (D)
  2 rats (D)
76 creatures vanquished.

Vanquished Creatures (others)
  38 foxfires (D)
38 creatures vanquished.

Grand Total: 114 creatures vanquished

Notes
Turn   | Place    | Note
-------+----------+-------------------------------------------
     0 | D        | rocky1 the Djinni Fire Elementalist began the quest for the
                  | Orb.
     0 | D        | rocky1 set off with the following spells memorised:
                  | Foxfire, Scorch, Kindle Blastsparks, Inner Flame, Flame
                  | Wave.
     0 | D        | Reached XP level 1. HP: 15/15 MP: 0/0
    16 | D        | Noticed Jessica
    23 | D        | Killed Jessica
    24 | D        | Reached skill level 3 in Dodging
    24 | D        | Reached XP level 2. HP: 10/21 MP: 0/0
    24 | D        | Reached XP level 3. HP: 12/25 MP: 0/0
    24 | D        | Learned a level 1 spell: Shock
   102 | D        | Reached skill level 1 in Fighting
   104 | D        | Noticed a scorpion
   112 | D        | Killed a scorpion
   113 | D        | Reached skill level 4 in Dodging
   113 | D        | Reached skill level 5 in Spellcasting
   113 | D        | Reached XP level 4. HP: 19/35 MP: 0/0
   113 | D        | Reached XP level 5. HP: 22/40 MP: 0/0
   113 | D        | Learned a level 2 spell: Wereblood
   223 | D        | Noticed a water elemental
   226 | D        | Killed a water elemental
   227 | D        | Reached skill level 5 in Dodging
   260 | D        | Noticed a shadow
   266 | D        | Reached skill level 6 in Dodging
   266 | D        | Reached skill level 5 in Stealth
   266 | D        | Reached XP level 6. HP: 22/48 MP: 0/0
   267 | D        | Killed a shadow
   268 | D        | Reached skill level 7 in Dodging
   268 | D        | Reached XP level 7. HP: 21/56 MP: 0/0
   268 | D        | Learned a level 2 spell: Blink
   393 | D        | Found a blossoming altar of Fedhas.
   393 | D        | Found a stormy altar of Qazlal.
   393 | D        | Found a snail-covered altar of Cheibriados.
   393 | D        | Found a burning altar of Makhleb.
   393 | D        | Found a shimmering altar of Xom.
   394 | D        | Found a hazy altar of Hepliaklqana.
   394 | D        | Found an opulent altar of Gozag.
   394 | D        | Found a sparkling altar of Nemelex Xobeh.
   394 | D        | Found a corrupted altar of Lugonu.
   394 | D        | Found a viscous altar of Jiyva.
   394 | D        | Noticed a spatial vortex
   397 | D        | Became a worshipper of Cheibriados the Contemplative
   451 | D        | Found a basalt altar of Yredelemnul.
   451 | D        | Found a shadowy altar of Dithmenos.
   451 | D        | Found a sacrificial altar of Ru.
   489 | D        | Found a hide-covered altar of Uskayaw.
   489 | D        | Found an iron altar of Okawaru.
   489 | D        | Found a bloodstained altar of Trog.
   489 | D        | Found an ornate altar of the Wu Jian Council.
   489 | D        | Noticed a human
   492 | D        | Noticed a human
   495 | D        | Killed a human
   495 | D        | Reached * piety under Cheibriados
   496 | D        | Reached skill level 8 in Dodging
   501 | D        | Killed a human
   501 | D        | Reached ** piety under Cheibriados
   502 | D        | Reached skill level 9 in Dodging
   502 | D        | Reached XP level 8. HP: 28/64 MP: 0/0
   845 | D        | Found a glowing silver altar of Zin.
   845 | D        | Found a glowing golden altar of the Shining One.
   845 | D        | Found a white marble altar of Elyvilon.
   845 | D        | Noticed a deep elf pyromancer
   849 | D        | Killed a deep elf pyromancer
   879 | D        | Reached *** piety under Cheibriados
   915 | D        | Reached skill level 10 in Dodging
   917 | D        | Reached **** piety under Cheibriados
   918 | D        | Reached XP level 9. HP: 41/71 MP: 0/0
   918 | D        | Learned a level 4 spell: Dispel Undead
  1033 | D        | Noticed an orc sorcerer
  1036 | D        | Noticed an orange demon
  1051 | D        | Killed an orc sorcerer
  1052 | D        | Reached skill level 5 in Invocations
  1108 | D        | Noticed an orc high priest
  1112 | D        | Noticed a red devil
  1112 | D        | Killed an orc high priest
  1112 | D        | Reached ***** piety under Cheibriados
  1113 | D        | Reached skill level 11 in Dodging
  1248 | D        | Noticed an orc sorcerer
  1250 | D        | Paralysed by an orc sorcerer for 4 turns
  1255 | D        | Killed an orc sorcerer
  1256 | D        | Reached skill level 10 in Fighting
  1256 | D        | Reached XP level 10. HP: 66/80 MP: 0/0
  1315 | D        | Noticed an orc sorcerer
  1318 | D        | Paralysed by an orc sorcerer for 5 turns
  1325 | D        | Noticed an orc sorcerer
  1327 | D        | Noticed a smoke demon
  1329 | D        | Killed an orc sorcerer
  1329 | D        | Reached ****** piety under Cheibriados
  1329 | D        | Killed an orc sorcerer
  1330 | D        | Reached skill level 12 in Dodging
  1330 | D        | Reached skill level 10 in Stealth
  1447 | D        | Found Xemach's Armour Emporium.
  1549 | D        | Bought a +3 chain mail of cold resistance for 344 gold
                  | pieces
  1582 | D        | Reached skill level 1 in Long Blades
  1582 | D        | Reached skill level 1 in Armour
  1671 | D        | Noticed Erolcha
  1686 | D        | Killed Erolcha
  1927 | D        | Reached skill level 10 in Spellcasting
  1958 | D        | Reached XP level 11. HP: 74/87 MP: 0/0
  1958 | D        | Learned a level 5 spell: Metabolic Englaciation
  1960 | D        | Reached skill level 13 in Dodging
  2061 | D        | Noticed Sigmund
  2061 | D        | Noticed Edmund
  2075 | D        | HP: 2/133 [Sigmund/bolt of fire (16)]
  2076 | D        | Slain by Edmund

Illustrated notes

Levels and vault maps discovered:
D:        dungeon_sprint_mu [sprint_mu_entry_forest, sprint_mu_temple_rooms,
          sprint_mu_d1_spiders, sprint_mu_d2_genie, sprint_mu_d3_branching,
          sprint_mu_orc_legion, sprint_mu_elf_gauntlet, sprint_mu_hive_nellie,
          sprint_mu_lair_fedhas, sprint_mu_vaults_butterflies,
          sprint_mu_slime_circle, sprint_mu_swamp_cave, sprint_mu_shoals_archi,
          sprint_mu_blade_basic, sprint_mu_crypt_lich, sprint_mu_tomb_spiral,
          sprint_mu_vestibule_basic, sprint_mu_gehenna_hellfire,
          sprint_mu_dis_giant, sprint_mu_tartarus_statrot,
          sprint_mu_cocytus_islands, sprint_mu_zot1]

Skill      XL: |  1  2  3  4  5  6  7  8  9 10 11 |
---------------+----------------------------------+-----
Spellcasting   | 4 5 6 7 8 9 10 | 10.3
Dodging        | 3 4 6 7 9 10 11 12 13 | 13.1
Stealth        | 2 3 5 6 7 8 9 10 11 | 11.0
Fighting       | 3 4 6 7 8 10 11 | 11.7
Invocations    | 4 6 8 |  8.9
Long Blades    | 3 4 |  4.1
Armour         | 3 4 |  4.6

Action                   |  1- 3 |  4- 6 |  7- 9 | 10-12 || total
-------------------------+-------+-------+-------+-------++-------
Melee: Unarmed           |     4 |       |       |       ||     4
       Long sword        |       |       |     9 |    23 ||    32
 Cast: Foxfire           |    15 |       |     7 |     1 ||    23
       Scorch            |     5 |    10 |    42 |    40 ||    97
Invok: Slouch            |       |       |       |     7 ||     7
  Use: Potion            |       |       |     1 |     3 ||     4
Armor: Robe              |     1 |       |       |       ||     1
       Chain mail        |       |       |       |     7 ||     7
       Leather armour    |       |       |       |     3 ||     3
Dodge: Dodged            |     3 |     2 |    39 |    47 ||    91

Table legend: (Time is in decaauts)
 A = Elapsed time spent in this place.
 B = Non-inter-level travel time spent in this place.
 C = Inter-level travel time spent in this place.
 D = Time resting spent in this place.
 E = Time spent auto-exploring this place.
 F = Levels seen in this place.
 G = Mean time per level.
                   A        B        C        D        E       F      G
               +--------+--------+--------+--------+--------+-----+--------+
         Total |   2390 |   2390 |      0 |   1371 |      0 |   1 | 2390.0 |
       Dungeon |   2390 |   2390 |      0 |   1371 |      0 |   1 | 2390.0 |
               +--------+--------+--------+--------+--------+-----+--------+

Top non-repeatable levels by time:
       D: 2390 daAuts
